 Dungeon Crawl Stone Soup version 0.30-a0-591-g3c58d2bc28 (webtiles) character file.

Game seed: 13051440390593289072

3957 sokol815 the Slicer (level 10, -5/56 HPs)
             Began as a Gargoyle Monk on Jan 5, 2023.
             Was a Priest of Dithmenos.
             Slain by an orc knight
             ... wielding a +0 glaive
              (19 damage)
             ... in a bailey.
             The game lasted 00:18:34 (6374 turns).

sokol815 the Slicer (Gargoyle Monk)                 Turns: 6374, Time: 00:18:35

Health: -5/56      AC: 22    Str: 16    XL:     10   Next: 21%
Magic:  10/10      EV:  9    Int: 20    God:    Dithmenos [***...]
Gold:   414        SH:  4    Dex: 12    Spells: 7/9 levels left

rFire   . . .      SeeInvis .    p - +9 short sword of the Feeding Gods {venom, Int+6}
rCold   . . .      Faith    .    A - +0 buckler
rNeg    + . .      Spirit   .    o - +0 plate armour
rPois   ∞          Reflect  .    g - +1 helmet
rElec   +          Harm     .    d - +0 cloak
rCorr   .          Rampage  .    e - +0 pair of gloves
Will    +....                    t - +0 pair of boots Stlth
                                 (no amulet)
HPRegen 0.29/turn                W - ring of willpower
MPRegen 0.12/turn                E - +5 ring of evasion

@: mighty, wreathed by umbra
A: sickness immunity, AC +7, negative energy resistance 1, electricity
resistance, torment resistance 1, petrification resistance
a: Renounce Religion, Shadow Step


You were in a bailey.
You worshipped Dithmenos.
Dithmenos was most pleased with you.
You visited 2 branches of the dungeon, and saw 9 of its levels.
You also visited: Bailey.

You collected 414 gold pieces.

Inventory:

Hand Weapons
 a - a +0 mace
 b - a +0 sling of chaos
   (You found it on level 2 of the Dungeon)
 l - a +1 vampiric hand axe
   (You took it off an orc on level 3 of the Dungeon)
 m - a +0 war axe of electrocution
   (You found it on level 7 of the Dungeon)
 p - the +9 short sword of the Feeding Gods (weapon) {venom, Int+6}
   (You found it on level 2 of the Dungeon)

   Int:       It affects your intelligence (+6).
 v - a +1 short sword of draining
   (You found it on level 3 of the Dungeon)
 z - a +5 spear of flaming
   (You took it off a gnoll on level 6 of the Dungeon)
 F - a +0 whip of electrocution
   (You took it off Pikel on level 8 of the Dungeon)
Missiles
 j - 4 boomerangs
 s - 38 stones
 x - 5 poisoned darts
Armour
 c - a +0 ring mail
   (You found it on level 1 of the Dungeon)
 d - a +0 cloak (worn)
   (You found it on level 1 of the Dungeon)
 e - a +0 pair of gloves (worn)
   (You found it on level 1 of the Dungeon)
 g - a +1 helmet (worn)
   (You found it on level 4 of the Dungeon)
 i - a +0 chain mail
   (You took it off an orc on level 1 of the Dungeon)
 k - a +0 robe
 o - a +0 plate armour (worn)
   (You took it off an orc warrior in a bailey)
 t - a +0 pair of boots (worn)
   (You found it on level 2 of the Dungeon)
 A - a +0 buckler (worn)
   (You took it off a gnoll sergeant on level 8 of the Dungeon)
 H - a +0 robe of positive energy
   (You took it off Pikel on level 8 of the Dungeon)
Jewellery
 f - a ring of fire {rF+, rC-}
   (You found it on level 6 of the Dungeon)
 h - an amulet of faith
   (You found it on level 3 of the Dungeon)
 y - a +6 ring of dexterity
   (You found it on level 5 of the Dungeon)
 E - a +5 ring of evasion (right hand)
   (You took it off an orc on level 4 of the Dungeon)
 W - a ring of willpower (left hand)
   (You found it on level 2 of the Dungeon)
 Z - a ring of wizardry {Wiz+, !d}
   (You found it on level 4 of the Dungeon)
Wands
 q - a wand of flame (23)
   (You found it on level 4 of the Dungeon)
 w - a wand of quicksilver (8)
   (You found it on level 5 of the Dungeon)
Scrolls
 n - 2 scrolls of torment {!r}
 r - 2 scrolls of poison
 D - 2 scrolls of blinking {!r}
 O - a scroll of silence
 Y - a scroll of teleportation {@r3}
Potions
 B - 2 potions of brilliance
 C - a potion of magic
 G - a potion of ambrosia {!q}
 I - a potion of invisibility
 J - 5 potions of curing {@q1}
 L - 2 potions of flight
 N - a potion of heal wounds {@q2}
 R - a potion of resistance
 T - a potion of berserk rage {!q}


   Skills:
 - Level 3.2 Fighting
 + Level 8.5 Short Blades
 - Level 4.9 Maces & Flails
 - Level 1.1 Ranged Weapons
 - Level 2.4 Dodging
 - Level 8.0 Stealth
 * Level 2.7 Shields
 - Level 8.0 Conjurations


You had 7 spell levels left.
You knew the following spells:

 Your Spells              Type           Power      Damage    Failure   Level
a - Searing Ray           Conj           64%        2d6       77%         2

Your spell library contained the following spells:

 Spells                   Type           Power      Damage    Failure   Level
 Magic Dart               Conj           100%       1d8       63%         1
 Gell's Gravitas          Tloc           0%         N/A       100%        3
 Lesser Beckoning         Tloc           0%         N/A       100%        3
 Summon Guardian Golem    Hex/Summ       0%         N/A       100%        3
 Teleport Other           Tloc           0%         N/A       100%        3
 Fulminant Prism          Conj/Hex       8%         3d7       100%        4
 Passage of Golubria      Tloc           0%         N/A       100%        4
 Silence                  Hex/Air        0%         N/A       100%        5
 Orb of Destruction       Conj           16%        9d7       100%        7
 Spellforged Servitor     Conj/Summ      8%         N/A       100%        7
 Lehudib's Crystal Spear  Conj/Erth      8%         10d3      100%        8
 Chain Lightning          Conj/Air       8%         3d10      100%        9
 Fire Storm               Conj/Fire      8%         8d2       100%        9
 Shatter                  Erth           0%         3d5*      100%        9


Dungeon Overview and Level Annotations

Branches:
Dungeon (8/15) Zot: 26562  Temple (1/1) D:6 Zot: 5978    Lair (0/5) D:8
 Bailey (1/1) Zot: 5544

Altars:
Ashenzari
Cheibriados
Dithmenos
Gozag
Hepliaklqana
Makhleb
Nemelex Xobeh
Okawaru
Ru
Sif Muna
Trog
Uskayaw
Vehumet
Wu Jian
Xom

Shops:
D:4 *   D:6 [


Innate Abilities, Weirdness & Mutations

You are immune to sickness and miasma.
Your stone body is resilient. (AC +7)
You are immune to poison.
You resist negative energy. (rN+)
You are resistant to electric shocks. (rElec)
You are resistant to unholy torment.
You are immune to petrification.


Message History

a +0 trident; a +0 ring mail
Things that are here:
a +0 spear; a +0 scale mail; an orc corpse
Things that are here:
a +0 spear; a +0 ring mail; an orc corpse
Things that are here:
a +0 halberd; a +0 scale mail; an orc skeleton The orc warrior cheers noisily.
Things that are here:
a +0 trident; a +0 ring mail; an orc corpse
Things that are here:
a +0 trident; a +0 chain mail; an orc corpse The orc warrior hits you with a +0 glaive.
You take 5 damage, and have 31/56 hp.
You barely miss the orc warrior. The orc warrior misses you.
You closely miss the orc warrior. You barely miss the orc warrior.
You block the orc warrior's attack.
You hit the orc warrior. You hit the orc warrior.
The orc warrior is poisoned.
The orc warrior completely misses you.
You puncture the orc warrior!
The orc warrior looks as sick as possible!
You hit the orc warrior. The orc warrior completely misses you.
You hit the orc warrior.
You kill the orc warrior!
Dithmenos accepts your kill.
Items here: )) [[ ÷ †.
Okay, then.
You start resting.
Health restored: 56
o - a +0 plate armour You start removing your armour.
You continue taking off your +0 robe of positive energy. x4
You finish taking off your +0 robe of positive energy.
You feel less protected from negative energy.
You start putting on your armour.
You continue putting on your +0 plate armour. x5
You finish putting on your +0 plate armour.
Things that are here:
a +0 trident; a +0 scale mail; an orc skeleton The orc warrior shouts!
The orc warrior barely misses you. The orc warrior barely misses you.
You hit the orc warrior but do no damage.
The orc warrior is poisoned.
The orc warrior hits you with a +0 bardiche!
You take 9 damage, and have 47/56 hp.
You hit the orc warrior.
The orc warrior looks as sick as possible!
You closely miss the orc warrior.
The orc warrior hits you with a +0 bardiche.
You take 2 damage, and have 45/56 hp.
You closely miss the orc warrior. You block the orc warrior's attack.
You hit the orc warrior.
The orc warrior looks as sick as possible!
You hit the orc warrior but do no damage.
The orc warrior looks as sick as possible!
The orc warrior hits you but does no damage.
You closely miss the orc warrior. You closely miss the orc warrior.
The orc warrior closely misses you.
You closely miss the orc warrior.
You kill the orc warrior!
Dithmenos accepts your kill.
No target in view!
You now have 414 gold pieces (gained 67).
Items here: )) [[.
Health restored: 56
Things that are here:
a +0 halberd; a +0 plate armour; an orc skeleton
There is an open door here.
Things that are here:
a +0 glaive; a +0 ring mail; an orc skeleton An orc knight comes into view.
It is wielding a +0 glaive.
The orc knight shouts!
The orc warrior shouts!
You feel very mighty all of a sudden.
The orc warrior hits you but does no damage.
You closely miss the orc warrior. You closely miss the orc warrior.
The orc warrior hits you with a +0 halberd!
You take 11 damage, and have 45/56 hp.
You hit the orc warrior.
The orc warrior is poisoned.
The orc knight roars a battlecry!
The orc warrior goes into a battle-frenzy!
The orc warrior hits you but does no damage.
You barely miss the orc warrior. You puncture the orc warrior!
The orc knight hits you from afar with a +0 glaive!
The orc warrior hits you with a +0 halberd!!
* * * LOW HITPOINT WARNING * * *
You take 33 damage, and have 12/56 hp.
MASSIVE DAMAGE!!
You puncture the orc knight!
The orc knight looks as sick as possible!
You hit the orc knight but do no damage.
The orc knight looks as sick as possible!
The orc knight closely misses you.
You puncture the orc knight!
The orc knight looks as sick as possible!
The orc knight hits you with a +0 glaive!!
You die...

##..~~.)...~~..##
###..~~..###..~~..##########
....~~..##.##))~~..........#
))~~~..##.∩.##..~~~~~~~~~~.#
.....)##.....##...)......~.#
######)###'#############.~.#
##.§.......#'o....##.~.#
##..≈≈≈≈≈≈≈.o## ##..~.# #
##..§≈.....≈≈.@# ##..~~.#
#'#......⌠∩§.§....# #..~~.##
#'#..§§.§§§§.§≈≈..#+#..~o.∩#
#.##..≈≈..§§§§≈..##.##..~~.#
...'#..≈§≈§§§§..##.$.##..~.#
....##..§..§§..##.$$$.##.~.#
##########'#############.~.#
..)..)## .. ##.....)...)~.#
~~~)~o.## ##..~~~~)~))~~.#


You could see an orc knight (extremely poisoned).

Vanquished Creatures
  Pikel (D:8)
  A shadow (D:5)
  A yak (D:5)
  Menkaure (D:5)
  3 wargs (D:8)
  3 water moccasins
  7 orc warriors
  2 sky beasts (D:7)
  A centaur (D:8)
  2 lemures (D:8)
  A kobold brigand (D:8)
  A bullfrog (D:7)
  A gnoll sergeant (D:8)
  3 scorpions
  2 necrophages
  3 killer bees (D:6)
  An electric eel (D:6)
  2 hounds
  4 orc priests
  2 iguanas
  11 orc wizards
  11 adders
  14 gnolls
  2 white imps
  A worm (D:3)
  53 orcs
  6 bats
  5 endoplasms
  2 giant cockroaches
  6 hobgoblins
  4 jackals (D:1)
  10 kobolds
  4 ball pythons
  4 frilled lizards
  9 goblins
  3 rats (D:2)
187 creatures vanquished.

Vanquished Creatures (others)
  3 plants
3 creatures vanquished.

Grand Total: 190 creatures vanquished

Notes
Turn   | Place    | Note
-------+----------+-------------------------------------------
     0 | D:1      | sokol815 the Gargoyle Monk began the quest for the Orb.
     0 | D:1      | Reached XP level 1. HP: 14/14 MP: 1/1
   207 | D:1      | Reached XP level 2. HP: 17/19 MP: 2/2
   671 | D:1      | Reached skill level 4 in Maces & Flails
   679 | D:1      | Reached XP level 3. HP: 23/23 MP: 3/3
   818 | D:2      | Reached XP level 4. HP: 28/28 MP: 4/4
  1022 | D:2      | Reached skill level 1 in Ranged Weapons
  1104 | D:2      | Identified the +9 short sword of the Feeding Gods {venom,
                  | Int+6}
  1294 | D:2      | Reached skill level 1 in Short Blades
  1461 | D:2      | Learned a level 2 spell: Searing Ray
  1573 | D:2      | Reached XP level 5. HP: 32/32 MP: 5/5
  1759 | D:3      | Found a faded altar of an unknown god.
  1882 | D:3      | Reached skill level 1 in Conjurations
  2252 | D:4      | Found a radiant altar of Vehumet.
  2291 | D:4      | Reached skill level 2 in Short Blades
  2384 | D:4      | Reached skill level 2 in Conjurations
  2440 | D:4      | Reached XP level 6. HP: 37/37 MP: 6/6
  2471 | D:4      | Reached skill level 3 in Conjurations
  2502 | D:4      | Found Ufevaufi's Assorted Antiques.
  2526 | D:4      | Reached skill level 3 in Short Blades
  2718 | D:4      | Found a hazy altar of Hepliaklqana.
  2847 | D:5      | Entered Level 5 of the Dungeon
  2871 | D:5      | Noticed Menkaure
  2878 | D:5      | Killed Menkaure
  2879 | D:5      | Reached skill level 4 in Conjurations
  2879 | D:5      | Reached XP level 7. HP: 41/41 MP: 7/7
  3104 | D:5      | Reached skill level 3 in Stealth
  3225 | D:5      | Found a broken altar of Ashenzari.
  3229 | D:5      | Saw a vision of the Swamp and the Spider Nest.
  3229 | D:5      | Noticed a spriggan druid
  3229 | D:5      | Noticed a will-o-the-wisp
  3229 | D:5      | Noticed a spriggan druid
  3229 | D:5      | Noticed a spriggan berserker
  3229 | D:5      | Noticed a spriggan rider
  3229 | D:5      | Noticed a bloated husk
  3229 | D:5      | Noticed a redback
  3229 | D:5      | Noticed an entropy weaver
  3229 | D:5      | Noticed a redback
  3229 | D:5      | Noticed a radroach
  3229 | D:5      | Noticed a demonic crawler
  3229 | D:5      | Noticed a wolf spider
  3229 | D:5      | Noticed a culicivora
  3229 | D:5      | Noticed a moth of wrath
  3229 | D:5      | Noticed a redback
  3230 | D:5      | Noticed a spriggan rider
  3230 | D:5      | Noticed a tarantella
  3231 | D:5      | Noticed a six-headed hydra
  3231 | D:5      | Noticed a five-headed hydra
  3277 | D:5      | Noticed a yak
  3283 | D:5      | Noticed a shadow
  3301 | D:5      | Reached skill level 4 in Short Blades
  3305 | D:5      | Killed a yak
  3306 | D:5      | Reached skill level 4 in Stealth
  3315 | D:5      | Killed a shadow
  3316 | D:5      | Reached skill level 5 in Conjurations
  3316 | D:5      | Reached XP level 8. HP: 25/46 MP: 8/8
  3490 | D:5      | Reached skill level 5 in Stealth
  3910 | D:6      | Reached skill level 6 in Stealth
  4014 | D:6      | Found Daoriab's Antique Armour Shoppe.
  4043 | D:6      | Found an ornate altar of the Wu Jian Council.
  4057 | D:6      | Found a staircase to the Ecumenical Temple.
  4069 | Temple   | Entered the Ecumenical Temple
  4084 | Temple   | Became a worshipper of Dithmenos the Shadowed
  4084 | Temple   | Reached * piety under Dithmenos
  4084 | Temple   | Reached ** piety under Dithmenos
  4217 | D:6      | Found a sparkling altar of Nemelex Xobeh.
  4221 | D:6      | Found an opulent altar of Gozag.
  4223 | D:6      | Found an iron altar of Okawaru.
  4223 | D:6      | Found a burning altar of Makhleb.
  4711 | D:6      | Reached skill level 5 in Short Blades
  4800 | D:7      | Found a shimmering blue altar of Sif Muna.
  4825 | D:7      | Reached skill level 7 in Stealth
  4825 | D:7      | Reached skill level 6 in Conjurations
  4985 | D:7      | Reached XP level 9. HP: 51/51 MP: 9/9
  5086 | D:7      | Reached skill level 8 in Stealth
  5461 | D:8      | Found a staircase to the Lair.
  5484 | D:8      | Reached skill level 6 in Short Blades
  5484 | D:8      | Reached skill level 7 in Conjurations
  5558 | D:8      | Noticed Pikel
  5573 | D:8      | Killed Pikel
  5574 | D:8      | Reached skill level 7 in Short Blades
  5574 | D:8      | Reached skill level 8 in Conjurations
  5690 | D:8      | Reached XP level 10. HP: 46/56 MP: 10/10
  5692 | D:8      | Reached *** piety under Dithmenos
  5716 | D:8      | Reached skill level 8 in Short Blades
  5851 | D:8      | Found a flagged portal.
  5881 | Bailey   | Entered a bailey
  6039 | Bailey   | Reached skill level 1 in Shields
  6125 | Bailey   | Reached skill level 2 in Shields
  6361 | Bailey   | Noticed an orc knight
  6368 | Bailey   | HP: 12/56 [orc warrior/+0 halberd (21)]
  6374 | Bailey   | Slain by an orc knight

Illustrated notes

Levels and vault maps discovered:
D:1:      minmay_arrival_three_doors, layout_basic, minmay_split_cup_large
D:2:      wad_crossroads, layout_loops_corners, grunt_ministairs_1
D:3:      layout_basic, ebering_ecumenical_altar_box
D:4:      layout_basic, nicolae_vehumet_radiance,
          nicolae_hepliaklqana_hazy_memory, serial_shops,
          nicolae_shop_overgrown_old_shop, moated_statue
D:5:      kennysheep_big_flooded_room, layout_rooms, grunt_ashenzari_visionary
          [grunt_ashenzari_visionary_swamp, grunt_ashenzari_visionary_spider],
          uniq_menkaure
D:6:      layout_basic, old_standard_altar, minitemple,
          minmay_temple_entry_gardened_gates, serial_shops,
          nicolae_shop_behind_doors, kennysheep_generic_room_2
D:7:      layout_loops_ring, mainiacjoe_overflow_concentric_impassable
D:8:      layout_loops_ring, fedhas_altar_fruit_tree, kennysheep_vampire_church,
          erik_lair_orcish_takeover, enter_bailey_3, uniq_pikel
Temple:   hellmonk_temple_two_chambers
Bailey:   bailey_polearm_1, bailey

Skill      XL: |  1  2  3  4  5  6  7  8  9 10 |
---------------+-------------------------------+-----
Maces & Flails | 4 |  4.9
Ranged Weapons | 1 |  1.1
Short Blades   | 1 2 3 4 5 7 8 |  8.5
Conjurations   | 2 4 5 6 8 |  8.0
Stealth        | 4 7 8 |  8.0
Shields        | 2 |  2.7
Fighting       | |  3.2
Dodging        | |  2.4

Action                   |  1- 3 |  4- 6 |  7- 9 | 10-12 || total
-------------------------+-------+-------+-------+-------++-------
Melee: Mace              |   112 |    14 |       |       ||   126
       Short sword       |       |    86 |   295 |   144 ||   525
       Punch             |       |     1 |     2 |     4 ||     7
 Fire: Sling             |     2 |    13 |       |       ||    15
Throw: Stone             |    12 |       |       |       ||    12
Evoke: Wand              |       |       |     2 |       ||     2
  Use: Scroll            |       |     8 |     9 |     4 ||    21
       Potion            |       |       |     1 |     1 ||     2
 Stab: Sleeping          |       |     1 |     2 |     2 ||     5
       Distracted        |       |       |       |     1 ||     1
Armor: Ring mail         |    66 |       |       |       ||    66
       Chain mail        |    20 |    28 |       |       ||    48
       Skin              |       |     6 |    35 |       ||    41
       Robe              |       |       |    22 |    26 ||    48
       Plate armour      |       |       |       |     3 ||     3
Dodge: Dodged            |    93 |    47 |   177 |   108 ||   425
Block: Buckler           |       |       |       |     6 ||     6

Table legend: (Time is in decaauts)
 A = Elapsed time spent in this place.
 B = Non-inter-level travel time spent in this place.
 C = Inter-level travel time spent in this place.
 D = Time resting spent in this place.
 E = Time spent auto-exploring this place.
 F = Levels seen in this place.
 G = Mean time per level.
                   A        B        C        D        E       F      G
               +--------+--------+--------+--------+--------+-----+--------+
         Total |   6254 |   6064 |    190 |    207 |   4195 |  10 |  625.4 |
       Dungeon |   5778 |   5594 |    184 |    127 |   4105 |   8 |  722.2 |
        Temple |     21 |     15 |      6 |      0 |     11 |   1 |   21.0 |
        Bailey |    455 |    455 |      0 |     80 |     79 |   1 |  455.0 |
               +--------+--------+--------+--------+--------+-----+--------+

Top non-repeatable levels by time:
     D:6: 1142 daAuts
     D:2: 973 daAuts
     D:1: 725 daAuts
     D:5: 720 daAuts
     D:3: 658 daAuts
     D:7: 603 daAuts
     D:4: 517 daAuts
  Bailey: 455 daAuts
     D:8: 437 daAuts
  Temple: 21 daAuts

Table legend:
 A = Kills in this place as a percentage of kills in entire the game.
 B = Kills by you in this place as a percentage of kills by you in the entire game.
 C = Kills by friends in this place as a percentage of kills by friends in the entire game.
 D = Other kills in this place as a percentage of other kills in the entire game.
 E = Experience gained in this place as a percentage of experience gained in the entire game.
 F = Experience gained in this place divided by the number of levels of this place that you have seen.
                   A       B       C       D       E      F
               +-------+-------+-------+-------+-------+----------------------
         Total | 100.0 | 100.0 |   N/A |   N/A | 100.0 | 565.4
       Dungeon |  87.6 |  87.6 |   N/A |   N/A |  85.2 | 602.5
        Bailey |  12.4 |  12.4 |   N/A |   N/A |  14.8 | 834.0
               +-------+-------+-------+-------+-------+----------------------
